 Seeded DCSS version 0.29.1-13-g9f3cf754e1 (webtiles) character file.

Game seed: 7583991522934726950 (custom seed)

323 bumper the Sneak (level 6, -1/55 HPs)
             Began as a Kobold Brigand on Jan 29, 2023.
             Slain by Duvessa
             ... wielding a +0 rapier
              (11 damage)
             ... on level 4 of the Dungeon.
             The game lasted 00:04:37 (4475 turns).

bumper the Sneak (Kobold Brigand)                   Turns: 4475, Time: 00:04:37

Health: -1/55      AC: 23    Str:  8    XL:     6   Next: 77%
Magic:  6/6        EV:  3    Int: 13    God:
Gold:   204        SH:  5    Dex: 18    Spells: 5/5 levels left

rFire   . . .      SeeInvis .   a - +1 dagger (venom)
rCold   . . .      Faith    .   w - +0 buckler
rNeg    . . .      Spirit   .   (body armour currently unavailable)
rPois   +          Reflect  .   (helmet currently unavailable)
rElec   .          Harm     .   (cloak currently unavailable)
rCorr   .          Rampage  .   (gloves currently unavailable)
Will    .....      NoTele   +   (boots currently unavailable)
Stlth   ++........              (no amulet)
HPRegen 0.18/turn               (no ring)
MPRegen 0.10/turn               (no ring)

@: lit by a corona, tree-form, glowing
A: stationary, stasis, torment immunity, boosted hp, small, no large weapons,
nightstalker 3
a: no special abilities


You were on level 4 of the Dungeon.
You were a tree.
You visited 1 branch of the dungeon, and saw 4 of its levels.

You collected 204 gold pieces.

Inventory:

Hand Weapons
 a - a +1 dagger of venom (weapon)
Missiles
 d - 9 poisoned darts (quivered)
 i - 2 atropa-tipped darts
Armour
 b - a +0 leather armour (melded)
 f - a +0 kite shield
 n - a +1 cloak (melded)
 t - a +0 pair of gloves (melded)
 w - a +0 buckler (worn)
 x - a +0 helmet (melded)
Jewellery
 g - a ring of flight
 o - a ring of protection from cold
Wands
 p - a wand of iceblast (19)
Scrolls
 e - a scroll of identify {unknown}
 j - a scroll of torment {unknown}
 k - a scroll of magic mapping {unknown}
 l - a scroll of enchant weapon {unknown}
 q - a scroll of summoning {unknown}
 r - 2 scrolls of immolation {unknown}
 u - a scroll of teleportation {unknown}
 v - a scroll of fear {unknown}
Potions
 c - a potion of curing
 m - a potion of heal wounds {unknown}
 z - a potion of mutation {unknown}


   Skills:
 + Level 3.6 Fighting
 + Level 4.4 Short Blades
 - Level 2.1 Throwing
 + Level 3.1 Dodging
 * Level 7.6 Stealth
 + Level 1.5 Shields


You had 5 spell levels left.
You didn't know any spells.
Your spell library contained the following spells:

 Spells                   Type           Power      Damage    Failure   Level
 Sting                    Tmut/Pois      0%         1d3       43%         1
 Poisonous Vapours        Pois/Air       0%         N/A       56%         2
 Conjure Flame            Conj/Fire      0%         6-21      80%         3
 Ignite Poison            Fire/Tmut/Pois 0%         N/A       80%         3
 Olgreb's Toxic Radiance  Pois           0%         N/A       99%         4
 Sticky Flame             Conj/Fire      0%         2d3       99%         4


Dungeon Overview and Level Annotations

Branches:
Dungeon (4/15)
 Temple: D:4-7

Altars:
Kikubaaqudgha

Annotations:
D:4 Duvessa


Innate Abilities, Weirdness & Mutations

You are a tree.
Your roots penetrate the ground, keeping you stationary.
You cannot be teleported.
You are immune to unholy pain and torment.
Your maximum health is greatly increased.
Your equipment is partially melded.
You are small and have problems with some larger weapons.
You are completely attuned to the shadows.


Message History

Press: ? - help, Q - select action, (/) - cycle Shift-Dir - straight line, f - Dowan
Aim: Dowan, wielding a +2 dagger of holy wrath and wearing a +0 robe (53% to hit)
You throw a curare-tipped dart. The curare-tipped dart hits Dowan.
Dowan is poisoned.
Dowan convulses.
Dowan seems to slow down.
Dowan is moderately wounded.
Throw: dart (curare)
Press: ? - help, Q - select action, (/) - cycle Shift-Dir - straight line, f/p - Dowan
Aim: Dowan, wielding a +2 dagger of holy wrath and wearing a +0 robe (moderately wounded, very poisoned, slow, 53% to hit)
You throw a curare-tipped dart.
The curare-tipped dart barely misses Duvessa.
The curare-tipped dart hits Dowan.
Dowan looks as sick as possible!
Dowan convulses.
Dowan seems to be slow for longer.
Dowan is heavily wounded.
Dowan gestures at Duvessa while chanting.
Duvessa seems to speed up.
Okay, then.
You closely miss Duvessa. Duvessa barely misses you.
You closely miss Duvessa. You block Duvessa's attack.
Duvessa hits you with a +0 rapier!
You barely miss Duvessa. Duvessa hits you with a +0 rapier!
Really quaff the potion of lignification?
You turn into a tree.
Your +1 cloak melds into your body.
Your +0 helmet melds into your body.
Your +0 pair of gloves melds into your body.
Your +0 leather armour melds into your body.
Your roots penetrate the ground.
You kill Dowan!
Duvessa screams, "No!
How DARE you!"
Duvessa goes berserk!
Duvessa hits you with a +0 rapier! Duvessa hits you but does no damage.
You closely miss Duvessa. Duvessa hits you but does no damage.
You hit Duvessa but do no damage.
Duvessa is poisoned.
You block Duvessa's attack.
You barely miss Duvessa. Duvessa hits you with a +0 rapier!
* * * LOW HITPOINT WARNING * * *
You hit Duvessa but do no damage.
Duvessa looks even sicker.
Duvessa hits you but does no damage. Duvessa hits you with a +0 rapier!
You die...

################
######...............
#.Se♣..##########.###
#.###### #.# #.# ...
+##


You could see Duvessa (berserk, fast, very poisoned) and an adder.

Vanquished Creatures
  A phantom (D:2)
  Dowan (D:4)
  A jelly (D:4)
  An orc wizard (D:4)
  6 adders
  2 worms (D:2)
  2 dart slugs
  7 orcs
  A bat (D:1)
  6 endoplasms
  2 giant cockroaches (D:3)
  7 goblins
  7 hobgoblins
  8 jackals
  5 kobolds
  4 quokkas
  4 ball pythons
  2 frilled lizards
  7 rats
74 creatures vanquished.

Notes
Turn   | Place    | Note
-------+----------+-------------------------------------------
     0 | D:1      | bumper the Kobold Brigand began the quest for the Orb.
     0 | D:1      | Reached XP level 1. HP: 12/12 MP: 1/1
    98 | D:1      | Found a faded altar of an unknown god.
   120 | D:1      | Reached XP level 2. HP: 18/18 MP: 2/2
   315 | D:1      | Reached XP level 3. HP: 22/22 MP: 3/3
   713 | D:1      | Reached skill level 6 in Stealth
  1791 | D:2      | Reached XP level 4. HP: 27/27 MP: 4/4
  1874 | D:2      | Noticed a phantom
  1904 | D:2      | Killed a phantom
  1905 | D:2      | Reached skill level 1 in Shields
  1905 | D:2      | Reached XP level 5. HP: 11/32 MP: 5/5
  2719 | D:3      | Reached skill level 7 in Stealth
  3161 | D:3      | Found an ancient bone altar of Kikubaaqudgha.
  3291 | D:3      | Reached XP level 6. HP: 29/37 MP: 6/6
  4461 | D:4      | Noticed Dowan
  4462 | D:4      | Noticed Duvessa
  4471 | D:4      | Killed Dowan
  4475 | D:4      | Slain by Duvessa

Illustrated notes

Levels and vault maps discovered:
D:1:      minmay_arrival_checkered_box, layout_basic,
          nicolae_ecumenical_snake_handling, solitary_fountain, nrook_campfire
D:2:      cheibrodos_helix_gallery, layout_loops_ring, minmay_misc_feat_chi
D:3:      layout_basic, kiku_gazebo_garden_becter
D:4:      layout_loops_ring, grunt_temple_overflow_diamond, minmay_box_of_dots,
          uniq_duvessa

Skill      XL: |  1  2  3  4  5  6 |
---------------+-------------------+-----
Short Blades   | 3 4 |  4.4
Stealth        | 6 7 |  7.6
Dodging        | 2 3 |  3.1
Fighting       | 3 |  3.6
Shields        | 1 |  1.5
Throwing       | |  2.1

Action                   |  1- 3 |  4- 6 || total
-------------------------+-------+-------++-------
Melee: Dagger            |    62 |   112 ||   174
       Punch             |       |     1 ||     1
Throw: Dart              |     6 |     2 ||     8
Evoke: Wand              |       |     3 ||     3
  Use: Potion            |     4 |     1 ||     5
 Stab: Sleeping          |    16 |    18 ||    34
Armor: Robe              |     5 |     4 ||     9
       Skin              |     3 |     3 ||     6
       Leather armour    |       |    10 ||    10
Dodge: Dodged            |    22 |    44 ||    66
Block: Kite shield       |     4 |       ||     4
       Buckler           |       |     5 ||     5
